 Dungeon Crawl Stone Soup version 0.26-a0-771-g060e6a62af (webtiles) character file.

Game seed: 8887561983193202708

(classic levelgen) 56 EnegeticOcto the Conjurer (level 3, -2/24 HPs)
             Began as a Barachi Fire Elementalist on Nov 8, 2020.
             Slain by a centaur
             ... wielding a +0 quarterstaff
              (11 damage)
             ... on level 2 of the Dungeon.
             The game lasted 00:10:30 (6487 turns).

EnegeticOcto the Conjurer (BaFE)                    Turns: 6487, Time: 00:10:30

Health: -2/24      AC:  2    Str:  9    XL:     3   Next: 95%
Magic:  6/6        EV: 12    Int: 16    God:
Gold:   119        SH:  0    Dex: 12    Spells: 2/6 levels left

rFire    . . .     SeeInvis .   l - +0 mace (vorpal)
rCold    . . .     Faith    .   (no shield)
rNeg     . . .     Spirit   .   a - +0 robe
rPois    .         Reflect  .   (no helmet)
rElec    .         Harm     .   (no cloak)
rCorr    .         Rampage  .   (no gloves)
MR       .....                  (no boots)
Stlth    ++........             (no amulet)
HPRegen  0.08/turn              (no ring)
MPRegen  0.10/turn              (no ring)

@: can't hop, slow
A: +LOS, swims, slowness 1, strong legs 1
a: Hop


You were on level 2 of the Dungeon.
You visited 1 branch of the dungeon, and saw 3 of its levels.

You collected 119 gold pieces.

Inventory:

Hand Weapons
 k - a +0 short sword
 l - a +0 vorpal mace (weapon)
 m - a +0 hand axe
Missiles
 b - 23 poisoned darts (quivered)
 e - 56 bolts
Armour
 a - a +0 robe (worn)
Jewellery
 i - an uncursed ring of ice
Scrolls
 d - a scroll of teleportation {unknown}
 f - 3 scrolls of remove curse {@r2}
 g - a scroll of magic mapping {unknown}
 h - a scroll of immolation {unknown}
 n - a scroll of fog {unknown}
Potions
 c - a potion of mutation


   Skills:
 - Level 2.1 Dodging
 - Level 1.7 Stealth
 - Level 2.1 Spellcasting
 - Level 4.0 Conjurations
 + Level 3.4 Fire Magic


You had 2 spell levels left.
You knew the following spells:

 Your Spells              Type           Power        Failure   Level
b - Foxfire               Conj/Fire      ##..         4%          1
u - Conjure Flame         Conj/Fire      ##......     14%         3

Your spell library contained the following spells:

 Spells                   Type           Power        Failure   Level
 Inner Flame              Hex/Fire       #.......     30%         3
 Sticky Flame             Conj/Fire      ##......     41%         4
 Fireball                 Conj/Fire      ##........   77%         5


Dungeon Overview and Level Annotations

Branches:
Dungeon (3/15)

Altars:


Innate Abilities, Weirdness & Mutations

You can be seen from farther away. (+LOS)
You can swim through water.
You cover ground slowly.
You can hop short distances.


Message History

Anything else - Cancel.
You ribbit for attention!
What are your orders? t - Ribbit!
Orders for allies: a - Attack new target. r - Retreat! s - Stop attacking. g - Guard the area. f - Follow me.
Anything else - Cancel.
You ribbit for attention!
You start waiting.
Done waiting.
What are your orders? t - Ribbit!
Orders for allies: a - Attack new target. r - Retreat! s - Stop attacking. g - Guard the area. f - Follow me.
Anything else - Cancel.
You ribbit for attention!
You start waiting.
A centaur is nearby!
Press: ? - help, v - describe, . - travel
Here: a centaur, wielding a +0 shortbow and quivering 2 arrows (wandering, hasn't noticed you)
The floor.
Unknown command.
Casting: Foxfire (safe; 4% risk of failure)
Confirm with . or Enter, or press ? or * to list all spells.
You conjure some foxfire!
The centaur shouts!
The foxfire hits the centaur.
The centaur is lightly wounded.
The foxfire hits the centaur but does no damage.
The centaur is lightly wounded.
Casting: Foxfire (safe; 4% risk of failure)
Confirm with . or Enter, or press ? or * to list all spells.
You conjure some foxfire!
The centaur shoots an arrow.
The arrow barely misses you.
The foxfire hits the centaur but does no damage.
The centaur is lightly wounded.
Casting: Foxfire (safe; 4% risk of failure)
Confirm with . or Enter, or press ? or * to list all spells.
You conjure some foxfire!
The foxfire hits the centaur but does no damage.
The centaur is lightly wounded.
The centaur shoots an arrow.
The arrow closely misses you. The arrow barely misses your foxfire.
Press: ? - help, Dir - move target cursor Boing!
The foxfire hits the centaur but does no damage.
The centaur is lightly wounded.
The foxfire hits the centaur.
The centaur is moderately wounded.
Casting: Foxfire (safe; 4% risk of failure)
Confirm with . or Enter, or press ? or * to list all spells.
You miscast Foxfire.
You are very lightly contaminated with residual magic.
Nothing appears to happen.
Casting: Foxfire (safe; 4% risk of failure)
Confirm with . or Enter, or press ? or * to list all spells.
You conjure some foxfire!
Casting: Foxfire (safe; 4% risk of failure)
Confirm with . or Enter, or press ? or * to list all spells.
You conjure some foxfire!
The foxfire hits the centaur.
The centaur is moderately wounded.
The foxfire hits the centaur.
The centaur is moderately wounded.
The foxfire hits the centaur.
The centaur is heavily wounded.
Throwing (i - inventory)
b - 25 poisoned darts (quivered)
Press: ? - help, Shift-Dir - straight line, f - centaur
Aim: a centaur, wielding a +0 shortbow (heavily wounded)
You throw a poisoned dart.
The poisoned dart barely misses the centaur.
The foxfire hits the centaur.
The centaur is severely wounded.
The centaur unwields a +0 shortbow.
The centaur wields a +0 quarterstaff.
The centaur hits you with a +0 quarterstaff.
Casting: Foxfire (safe; 4% risk of failure)
Confirm with . or Enter, or press ? or * to list all spells.
You conjure some foxfire!
The centaur hits you with a +0 quarterstaff.
The centaur closely misses you.
You completely miss the centaur.
The centaur is severely wounded.
The foxfire hits the centaur.
The centaur is severely wounded.
The foxfire hits the centaur.
The centaur is almost dead.
The centaur hits you with a +0 quarterstaff.
The centaur closely misses you.
Throwing (i - inventory)
b - 24 poisoned darts (quivered)
Press: ? - help, Shift-Dir - straight line, f/p - centaur
Aim: a centaur, wielding a +0 quarterstaff (severely wounded)
You throw a poisoned dart. The poisoned dart hits the centaur.
The centaur is severely wounded.
The centaur hits you with a +0 quarterstaff!
Your magical contamination has completely faded away.
Okay, then.
Magic courses through your body.
The centaur hits you with a +0 quarterstaff!
You die...

###......... ..
#(####.... ... #.# #
.#.### #.# ..... #.#
#.... ###.########
## .. .
#.<(.......###..#.
#..c.......#......##
#..@.>.......#.# #c.
#..............###.#
#(...............<..
#(.........###......
#..(.......# #......
#..........###....^.
#...................
#.##.....####.......
#.............(.....


You could see a centaur.

Vanquished Creatures
  An adder (D:2)
  An ooze (D:1)
  A worm (D:2)
  3 dart slugs
  A leopard gecko (D:2)
  An orc (D:1)
  2 giant cockroaches
  2 goblins (D:2)
  6 hobgoblins
  2 jackals (D:2)
  5 bats
  2 frilled lizards
  A kobold (D:2)
  4 rats
32 creatures vanquished.

Vanquished Creatures (others)
  112 foxfires
112 creatures vanquished.

Grand Total: 144 creatures vanquished

Notes
Turn   | Place    | Note
-------+----------+-------------------------------------------
     0 | D:1      | EnegeticOcto the Barachi Fire Elementalist began the quest
                  | for the Orb.
     0 | D:1      | Reached XP level 1. HP: 13/13 MP: 3/3
   323 | D:1      | Reached skill level 2 in Conjurations
   323 | D:1      | Reached XP level 2. HP: 19/19 MP: 0/5
   765 | D:1      | Reached skill level 3 in Conjurations
   941 | D:2      | Noticed a centaur
  1061 | D:2      | Reached XP level 3. HP: 24/24 MP: 4/6
  3148 | D:1      | Learned a level 3 spell: Conjure Flame
  3506 | D:1      | Reached skill level 4 in Conjurations
  6487 | D:2      | Slain by a centaur

Illustrated notes

Levels and vault maps discovered:
D:1:      sevenhm_arrival_forest_fort_small_4, layout_rooms, interstate_on_off
D:2:      layout_rooms, chequers_ecumenical_altar_twisty, chequers_garden,
          minmay_domino_4
D:3:      layout_rooms, minmay_overflow_temple_star_hex, uniq_ijyb

Skill      XL: |  1  2  3 |
---------------+----------+-----
Conjurations   | 2 3 4 |  4.0
Dodging        | |  2.1
Stealth        | |  1.7
Spellcasting   | |  2.1
Fire Magic     | |  3.4

Action                   || total
-------------------------++-------
Melee: Club              ||     3
       Unarmed           ||     1
       Mace              ||     2
Throw: Dart              ||    14
 Cast: Foxfire           ||    66
 Abil: Hop               ||     3
  Use: Scroll            ||     4
       Potion            ||     2
Armor: Robe              ||     2
Dodge: Dodged            ||    19

Table legend: (Time is in decaauts)
 A = Elapsed time spent in this place.
 B = Non-inter-level travel time spent in this place.
 C = Inter-level travel time spent in this place.
 D = Time resting spent in this place.
 E = Time spent auto-exploring this place.
 F = Levels seen in this place.
 G = Mean time per level.
                   A        B        C        D        E       F      G
               +--------+--------+--------+--------+--------+-----+--------+
         Total |   6653 |   6448 |    205 |   5289 |    543 |   3 | 2217.7 |
       Dungeon |   6653 |   6448 |    205 |   5289 |    543 |   3 | 2217.7 |
               +--------+--------+--------+--------+--------+-----+--------+

Top non-repeatable levels by time:
     D:2: 3471 daAuts
     D:1: 3179 daAuts
     D:3: 1 daAuts
